 Dungeon Crawl Stone Soup version 0.24-a0-350-g5b3daab8ba (webtiles) character file.

Game seed: 650332896145246869

37 sking99 the Magician (level 3, 20/20 HPs)
             Began as a Deep Elf Air Elementalist on May 23, 2019.
             Quit the game on level 2 of the Dungeon.
             The game lasted 00:03:28 (1080 turns).

sking99 the Magician (Deep Elf Air Elementalist)    Turns: 1080, Time: 00:03:29

Health: 20/20      AC:  3    Str:  5    XL:     3   Next: 23%
Magic:  4/10       EV: 13    Int: 20    God:
Gold:   101        SH:  0    Dex: 15    Spells: 8/9 levels left

rFire    . . .     SeeInvis .   (no weapon)
rCold    . . .     Gourm    .   (no shield)
rNeg     . . .     Faith    .   a - +0 robe
rPois    .         Spirit   .   h - +0 helmet
rElec    .         Reflect  .   (no cloak)
rCorr    .         Harm     .   (no gloves)
MR       .....                  (no boots)
Stlth    ++........             (no amulet)
HPRegen  0.06/turn              (no ring)
MPRegen  0.12/turn              (no ring)

@: no status effects
A: no striking features
a: no special abilities


You were on level 2 of the Dungeon.
You were not hungry.

You visited 1 branch of the dungeon, and saw 2 of its levels.

You collected 101 gold pieces.

Inventory:

Armour
 a - a +0 robe (worn)
 h - a +0 helmet (worn)
Jewellery
 k - a cursed -2 ring of dexterity {unknown}
 m - an uncursed amulet of rage {unknown}
Scrolls
 e - 2 scrolls of fear {unknown}
 g - a scroll of immolation {unknown}
 i - a scroll of enchant armour {unknown}
 l - a scroll of identify {unknown}
Potions
 d - 2 potions of agility {unknown}
 f - a potion of heal wounds {unknown}
 j - a potion of berserk rage {unknown}
Comestibles
 b - a chunk of flesh
 c - 2 rations


   Skills:
 + Level 0.8 Fighting
 + Level 3.0 Dodging
 - Level 2.4 Stealth
 + Level 3.5 Spellcasting
 + Level 1.7 Conjurations
 + Level 3.2 Air Magic


You had 8 spell levels left.
You knew the following spells:

 Your Spells              Type           Power        Failure   Level  Hunger
a - Shock                 Conj/Air       ##..         4%          1    None

Your spell library contained the following spells:

 Spells                   Type           Power        Failure   Level  Hunger
 Swiftness                Chrm/Air       ##......     11%         2    ##.....
 Static Discharge         Conj/Air       ##......     14%         3    ###....
 Airstrike                Air            ###.......   34%         4    ####...
 Lightning Bolt           Conj/Air       ##........   80%         5    ######.


Dungeon Overview and Level Annotations

Branches:
Dungeon (2/15)

Altars:


Message History

Confirm with . or Enter, or press ? or * to list all spells.
Aiming: Shock (safe; 4% risk of failure)
Press: ? - help, Shift-Dir - straight line The zap hits the kobold.
You kill the kobold!
Casting: Shock (safe; 4% risk of failure)
Confirm with . or Enter, or press ? or * to list all spells.
Aiming: Shock (safe; 4% risk of failure)
Press: ? - help, Shift-Dir - straight line The zap hits the quokka.
You kill the quokka!
Your Dodging skill increases to level 3!
Casting: Shock (safe; 4% risk of failure)
Confirm with . or Enter, or press ? or * to list all spells.
You don't have enough magic to cast that spell.
You start resting.
A goblin comes into view. It is wielding a +0 dagger.
Sorry, you're not good enough to have a special ability.
A goblin is nearby!
Are you sure you want to abandon this character and quit the game? (Confirm with "yes".)

####...####........#
##.#####..##..#.#
#........##.##.#
#######..##....#
#..##.#..#
########..##.#..#
#.....##........# ####
#..#..##.###.#.##...g.
#.###....# #.@.......g
#..#..#### ###.##....
#.....# #.# # #######
##.# #..# #.##
#.###### #...)..####
#.........#


You could see a goblin (wandering).

Vanquished Creatures
  An adder (D:2)
  A dart slug (D:1)
  6 goblins (D:1)
  4 hobgoblins
  A quokka (D:2)
  5 bats (D:1)
  2 frilled lizards
  3 kobolds (D:2)
  4 rats (D:1)
27 creatures vanquished.

Notes
Turn   | Place    | Note
-------+----------+-------------------------------------------
     0 | D:1      | sking99 the Deep Elf Air Elementalist began the quest for
                  | the Orb.
     0 | D:1      | Reached XP level 1. HP: 10/10 MP: 6/6
   290 | D:1      | Reached XP level 2. HP: 15/15 MP: 2/8
   863 | D:2      | Reached XP level 3. HP: 15/20 MP: 7/9
  1080 | D:2      | Quit the game

Levels and vault maps discovered:
D:1:      minmay_arrival_stone_box, layout_basic, hex_intersection
D:2:      layout_loops_cross, minmay_vboxes

Skill      XL: |  1  2  3 |
---------------+----------+-----
Dodging        | 3 |  3.0
Fighting       | |  0.8
Stealth        | |  2.4
Spellcasting   | |  3.5
Conjurations   | |  1.7
Air Magic      | |  3.2

Action                   || total
-------------------------++-------
Melee: Unarmed           ||     1
 Cast: Shock             ||    48
Armor: Robe              ||     2
Dodge: Dodged            ||    16

Table legend:
 A = Non-vault XP
 B = Vault XP
 C = Vault XP percentage of total XP
 D = Non-vault monster count
 E = Vault monster count
 F = Vault count percentage of total count
                 A         B        C        D         E       F
            +---------+---------+-------+---------+---------+-------
      Total |      52 |       2 |   3.7 |      26 |       1 |   3.7
            +---------+---------+-------+---------+---------+-------
        D:1 |      30 |       0 |   0.0 |      19 |       0 |   0.0
        D:2 |      22 |       2 |   8.3 |       7 |       1 |  12.5
            +---------+---------+-------+---------+---------+-------
